 Dungeon Crawl Stone Soup version 0.31-a0-198-g2ad674f65e (webtiles) character file.

Game seed: 2269712303247160907

44 iguanaiguana the Sneak (level 4, 0/40 HPs)
             Began as a Meteoran Delver on June 25, 2023.
             Was an Initiate of Sif Muna.
             Slain by a gnoll
             ... wielding a +0 halberd
              (6 damage)
             ... on level 2 of the Dungeon.
             The game lasted 00:04:04 (382 turns).

iguanaiguana the Sneak (Meteoran Delver)             Turns: 382, Time: 00:04:04

Health: 0/40       AC:  6    Str:  9    XL:     4   Next: 8%
Magic:  9/10       EV: 12    Int: 16    God:    Sif Muna [......]
Gold:   12         SH:  0    Dex: 16    Spells: 9/9 levels left

rFire   . . .        e - +0 halberd (venom)
rCold   . . .        (shield currently unavailable)
rNeg    . . .        i - +3 leather armour "Cycoma" {Harm Str-4 Int+3 SInv}
rPois   .            (no helmet)
rElec   .            (no cloak)
rCorr   .            (no gloves)
SInv    +            (no boots)
Will    .....        (no amulet)
Stlth   +            (no ring)
HPRegen 0.26/turn    (no ring)
MPRegen 0.12/turn

%: harm (+30% outgoing, +20% incoming)
@: glowing
A: sense surroundings 1, otherworldly, glowing, explore regen
a: Renounce Religion


You were on level 2 of the Dungeon.
You worshipped Sif Muna.
Sif Muna was noncommittal.
You visited 1 branch of the dungeon, and saw 5 of its levels.
You also visited: Ossuary.

You collected 12 gold pieces.

Inventory:

Hand Weapons
 a - a +0 falchion
 b - a +0 sling
 e - a +0 halberd of venom (weapon)
Armour
 h - a +0 leather armour
 i - the +3 leather armour "Cycoma" (worn) {Harm Str-4 Int+3 SInv}
   (You found it on level 4 of the Dungeon)

   Str:       It affects your strength (-4).
   Int:       It affects your intelligence (+3).
   SInv:      It lets you see invisible.
   Harm:      It increases damage dealt and taken.
Wands
 d - a wand of roots (3)
 g - a wand of digging (3) {@v3}
Scrolls
 c - a scroll of fog
Potions
 f - 2 potions of haste {@q4}
 j - a potion of mutation {unknown}


   Skills:
 - Level 3.7 Fighting
 - Level 2.4 Long Blades
 - Level 2.4 Dodging
 - Level 3.7 Stealth
 + Level 3.3 Spellcasting


You had 9 spell levels left.
You didn't know any spells.
Your spell library was empty.

Dungeon Overview and Level Annotations

Branches:
Dungeon (6/15) Zot: 2611   Temple (0/1) D:4         Ossuary (visited)

Altars:
Sif Muna

Annotations:
D:4 Grinder, Menkaure


Innate Abilities, Weirdness & Mutations

You passively map a small area around you.
You are easily found by Zot.
You glow in the dark.
You regain HP and MP as you explore.


Message History

You hear an angry hiss.
A ball python comes into view.
A gnoll comes into view. It is wielding a +0 whip.
The gnoll shouts!
The ball python hisses angrily.
A ball python comes into view.
You see here a +0 halberd of venom.
e - a +0 halberd of venom
Aiming: Fastroot
Press: ? - help, Shift-Dir - straight line The roots erupt in riotous growth!
Roots grab the gnoll. x2
The grasping roots constrict the gnoll.
The grasping roots constrict the gnoll!
The gnoll struggles to escape constriction.
The gnoll hits you from afar with a +0 halberd.
* * * LOW HITPOINT WARNING * * *
The grasping roots constrict the gnoll.
The grasping roots constrict the gnoll!
You kill the gnoll!
The gnoll escapes!
Your Spellcasting skill increases to level 3!
You have reached level 4!
Your +0 halberd of venom begins to drip with poison!
e - a +0 halberd of venom (weapon)
The gnoll hits you from afar with a +0 halberd.
* * * LOW HITPOINT WARNING * * *
Reach: e) +0 halberd (venom)
Press: ? - help, Dir - move target, f - ball python
Aim: a ball python (about 53% to evade your +0 halberd of venom)
You reach to attack!
You slash the ball python!
You kill the ball python!
The gnoll hits you from afar with a +0 halberd.
* * * LOW HITPOINT WARNING * * *
Reach: e) +0 halberd (venom)
Press: ? - help, Dir - move target, f - gnoll
Aim: a gnoll, wielding a +0 halberd (heavily wounded, about 44% to evade your +0 halberd of venom)
You reach to attack!
You closely miss the gnoll.
The gnoll is heavily wounded.
The gnoll hits you from afar with a +0 halberd.
* * * LOW HITPOINT WARNING * * *
The gnoll hits you from afar with a +0 halberd.
You die...

#############
...#.......)##########
...#............@....#######
...#.............S..........
...#####........g†.........#
...).......#...)...........#
...........#..).............
.#..(......#.........####...
.#.........#........... ,,.
,###..g...........#..... * ,
#..............#....... *


You could see a gnoll and a ball python.

Vanquished Creatures
  3 gnolls (D:2)
  A worm (D:4)
  A dart slug (D:3)
  A ball python (D:2)
  A hobgoblin (D:3)
  2 frilled lizards (D:3)
  2 goblins
  A kobold zombie (Ossuary)
  A rat (D:2)
13 creatures vanquished.

Notes
Turn   | Place    | Note
-------+----------+-------------------------------------------
     0 | D:5      | iguanaiguana the Meteoran Delver began the quest for the
                  | Orb.
     0 | D:5      | Reached XP level 1. HP: 19/19 MP: 2/2
     2 | D:6      | Noticed an iguana
    25 | D:4      | Identified the +3 leather armour "Cycoma" {Harm Str-4 Int+3
                  | SInv}
    46 | D:4      | Noticed a jelly
    55 | D:4      | Noticed Grinder
    58 | D:4      | Paralysed by Grinder for 5 turns
    70 | D:4      | Noticed Menkaure
   102 | D:4      | Found a sand-covered staircase.
   111 | Ossuary  | Entered an ossuary
   231 | D:4      | Found a shimmering blue altar of Sif Muna.
   234 | D:4      | Became a worshipper of Sif Muna the Loreminder
   281 | D:3      | Reached XP level 2. HP: 27/27 MP: 3/3
   289 | D:3      | Reached skill level 1 in Spellcasting
   357 | D:2      | Reached XP level 3. HP: 33/33 MP: 5/7
   380 | D:2      | Reached XP level 4. HP: 15/40 MP: 9/9
   382 | D:2      | Slain by a gnoll

Illustrated notes

Levels and vault maps discovered:
D:2:      layout_basic, serial_corexii_hall, chequers_hall_statues_y,
          corexii_hall_statues_i, uniq_sigmund, uniq_terence
D:3:      layout_basic, overflow_temple_1_default, mainiacjoe_overflow_catwalk
D:4:      layout_basic, nicolae_sif_muna_little_library,
          minmay_temple_entry_glass, enter_ossuary_3, dk_vineyard_2,
          uniq_grinder, uniq_menkaure
D:5:      layout_basic, serial_shops, shop, shop_coins, nicolae_shop_drivethru,
          uniq_blork_the_orc
D:6:      layout_loops_cross, lemuel_zombie_altar_kikubaaqudgha, minivault_19,
          kennysheep_cross_room, nrook_mini_vaults, minmay_crystal_room,
          hangedman_minor_gate_pass

Skill      XL: |  1  2  3 |
---------------+----------+-----
Spellcasting   | 2 3 |  3.3
Fighting       | |  3.7
Long Blades    | |  2.4
Dodging        | |  2.4
Stealth        | |  3.7

Action                     |  1- 3 |  4- 6 || total
---------------------------+-------+-------++-------
  Melee: Falchion          |     9 |       ||     9
         Punch             |     1 |       ||     1
         Halberd           |       |     2 ||     2
   Fire: Sling             |    44 |       ||    44
  Evoke: Wand              |     3 |       ||     3
    Use: Scroll            |     2 |       ||     2
 Armour: Leather armour    |     7 |     1 ||     8
  Dodge: Dodged            |    10 |     1 ||    11

Table legend: (Time is in decaauts)
 A = Elapsed time spent in this place.
 B = Non-inter-level travel time spent in this place.
 C = Inter-level travel time spent in this place.
 D = Time resting spent in this place.
 E = Time spent auto-exploring this place.
 F = Levels seen in this place.
 G = Mean time per level.
                   A        B        C        D        E       F      G
               +--------+--------+--------+--------+--------+-----+--------+
         Total |    398 |    398 |      0 |      0 |     21 |   6 |   66.3 |
       Dungeon |    386 |    386 |      0 |      0 |     21 |   5 |   77.2 |
       Ossuary |     11 |     11 |      0 |      0 |      0 |   1 |   11.0 |
               +--------+--------+--------+--------+--------+-----+--------+

Top non-repeatable levels by time:
     D:4: 222 daAuts
     D:3: 89 daAuts
     D:2: 52 daAuts
     D:5: 17 daAuts
 Ossuary: 11 daAuts
     D:6: 5 daAuts
